Map: Fracture LE

Players

Reynor

  • Race: Zerg Zerg
  • Spawn Location: 11:00

uThermaL - Winner!

  • Race: Terran Terran
  • Spawn Location: 5:00

VOD

Have the link to the VOD?

Description

Time

  • Played on: Sept. 9, 2018, 1:42 p.m.
  • Length: 12:36
Show
View Real Time Build Order
Export as new Build Order

Reynor Zerg 

Build Orders: Pool First 

Get SALT Encoding   

  12  0:00  Drone  
  13  0:12  Overlord  
  13  0:16  Drone  
  14  0:30  Drone  
  14  0:31  Drone  
  16  0:41  Spawning Pool  
  15  0:44  Drone  
  15  0:47  Drone  
  17  1:09  Hatchery  
  16  1:12  Drone  
  17  1:28  Zergling x6  
  17  1:31  Queen  
  22  1:37  Extractor  
  22  1:38  Overlord  
  21  1:49  Drone  
  22  2:01  Drone  
  23  2:07  Queen  
  25  2:12  Drone  
  26  2:21  Drone  
  26  2:22  Drone  
  28  2:32  Drone  
  28  2:33  Drone  
  29  2:41  Drone x3  
  29  2:43  Drone  
  32  2:44  Queen  
  34  2:53  Overlord  
  34  2:56  Metabolic Boost  
  34  3:07  Hatchery  
  34  3:12  Drone x2  
  35  3:17  Zergling x6  
  37  3:21  Overlord  
  37  3:28  Queen  
  39  3:35  Zergling x8  
  39  3:38  Zergling x2  
  44  3:45  Queen  
  44  3:46  Drone  
  47  3:51  Spore Crawler  
  46  3:58  Baneling Nest  
  46  4:01  Zergling x6  
  46  4:02  Drone x2  
  50  4:07  Overlord  
  50  4:17  Overlord  
  50  4:23  Overlord  
  50  4:26  Drone x3  
  50  4:27  Drone x2  
  50  4:29  Drone x2  
  56  4:35  Zergling x4  
  58  4:39  Drone  
  58  4:40  Drone  
  58  4:41  Evolution Chamber  
  58  4:43  Drone  
  60  4:52  Drone x2  
  59  5:01  Zergling x8  
  59  5:03  Drone x2  
  59  5:05  Overlord  
  60  5:17  Drone x3  
  60  5:21  Zergling x4  
  61  5:22  Drone  
  61  5:23  Drone x2  
  62  5:33  Drone x3  
  62  5:34  Drone  
  66  5:41  Extractor  
  65  5:44  Overlord  
  65  5:46  Zergling x4  
  67  5:50  Zergling x4  
  67  5:53  Evolution Chamber  
  67  5:54  Drone  
  67  5:56  Drone x2  
  71  5:59  Zergling x2  
  70  6:04  Zerg Ground Armor Level 1  
  70  6:05  Drone x4  
  70  6:07  Extractor  
  70  6:10  Drone x3  
  76  6:12  Drone x2  
  78  6:19  Zerg Melee Weapons Level 1  
  78  6:20  Drone  
  78  6:21  Drone x2  
  78  6:22  Overlord  
  78  6:23  Drone  
  82  6:29  Drone x3  
  85  6:36  Overlord  
  85  6:38  Lair  
  85  6:41  Extractor, Drone x4  
  85  6:42  Extractor  
  85  6:43  Zergling x6  
  90  6:49  Overlord  
  90  6:50  Overlord  
  90  6:51  Drone x3  
  90  6:53  Zergling x2  
  94  6:58  Zergling x4  
  96  7:03  Drone  
  96  7:04  Drone  
  98  7:09  Zergling x6  
  98  7:12  Hatchery  
  98  7:14  Overlord  
  100  7:26  Pneumatized Carapace  
  100  7:31  Drone x6  
  100  7:32  Overlord  
  100  7:33  Zergling x14  
  100  7:34  Centrifical Hooks  
  113  7:44  Zergling x8  
  116  7:46  Overlord  
  117  7:53  Zergling x2  
  117  7:54  Hydralisk Den  
  117  7:56  Zergling x8  
  121  8:00  Overlord  
  121  8:01  Drone x2  
  121  8:02  Zerg Ground Armor Level 2  
  121  8:04  Zergling x6  
  126  8:11  Spore Crawler  
  125  8:19  Zergling x12  
  127  8:21  Zergling x4  
  125  8:28  Hydralisk x3  
  125  8:29  Hydralisk  
  125  8:30  Muscular Augments  
  125  8:31  Zerg Melee Weapons Level 2  
  133  8:34  Hydralisk x5  
  133  8:37  Hydralisk x3  
  133  8:39  Zergling x2  
  144  8:49  Baneling x3  
  144  8:50  Baneling x3, Zergling x2  
  144  8:51  Zergling x6  
  144  8:54  Baneling x3  
  144  8:55  Baneling, Overlord  
  148  8:59  Zergling x6  
  148  9:01  Hydralisk  
  148  9:02  Zergling x10  
  142  9:06  Zergling x2, Hydralisk  
  142  9:07  Zergling x6  
  148  9:13  Zergling x4  
  150  9:19  Baneling x8  
  150  9:21  Zergling x6  
  147  9:26  Zergling x2  
  147  9:29  Baneling x4  
  147  9:30  Zergling x6  
  150  9:35  Hydralisk  
  150  9:36  Zergling x6  
  155  9:40  Zergling x4  
  155  9:41  Zergling x2  
  155  9:42  Zergling x6  
  135  9:45  Zergling x2  
  135  9:47  Baneling  
  135  9:48  Baneling x6  
  135  9:51  Zergling x2  
  130  9:55  Zergling x6  
  133  10:00  Hydralisk  
  133  10:02  Hatchery  
  133  10:04  Zergling x4  
  133  10:05  Zergling x6  
  137  10:07  Baneling x3  
  137  10:08  Baneling x5  
  137  10:09  Baneling x2  
  137  10:10  Baneling x3  
  137  10:11  Zergling x2  
  137  10:14  Zergling x2  
  137  10:15  Zergling x2  
  137  10:16  Zergling x2  
  137  10:19  Zergling x8  
  137  10:20  Hydralisk  
  137  10:21  Zergling x2  
  145  10:22  Zergling x2  
  145  10:23  Baneling x4  
  145  10:26  Zergling x2  
  145  10:27  Zergling x2  
  148  10:28  Zergling x2  
  148  10:31  Zergling x6  
  148  10:32  Zergling x6  
  148  10:35  Hydralisk  
  155  10:37  Baneling x4  
  155  10:38  Zergling x4  
  155  10:40  Zergling x2  
  158  10:45  Hydralisk  
  158  10:48  Zergling x2  
  158  10:49  Overlord x4  
  159  10:50  Overlord  
  159  10:51  Overlord  
  159  10:53  Overlord  
  159  10:54  Zergling x2  
  153  11:06  Zergling x2  
  153  11:07  Zergling x18  
  153  11:10  Baneling x5  
  154  11:12  Zergling x2, Hydralisk  
  154  11:14  Hydralisk x2  
  154  11:16  Zergling x2  
  154  11:18  Zergling x10  
  167  11:19  Baneling  
  167  11:20  Baneling x5, Hydralisk  
  167  11:25  Hydralisk  
  169  11:26  Baneling, Zergling x6  
  169  11:27  Baneling  
  169  11:29  Hydralisk x2  
  169  11:30  Zergling x2  
  179  11:34  Baneling x5  
  179  11:37  Zergling x2  
  179  11:38  Zergling x4  
  179  11:39  Hydralisk  
  164  11:41  Zergling x2  
  164  11:46  Zergling x8  
  132  11:47  Zergling x6  
  132  11:49  Baneling  
  131  11:54  Zergling x12  
  131  11:55  Zergling x8  
  131  11:59  Zergling x10  
  117  12:04  Hydralisk  
  117  12:06  Hydralisk x2  
  101  12:09  Baneling x5  
  101  12:10  Baneling, Zergling x4  
  95  12:17  Zergling x10  
  92  12:32  Baneling Nest  
Show
View Real Time Build Order
Export as new Build Order

uThermaL Terran - Winner!

Build Orders: Gas First Reaper Expand, Liberator Opening, Reaper Expand, Bio Tank 

Get SALT Encoding   

  12  0:01  SCV  
  13  0:13  SCV  
  14  0:17  Supply Depot  
  14  0:25  SCV  
  14  0:27  Refinery  
  15  0:38  SCV  
  16  0:43  Barracks  
  16  0:50  SCV  
  17  1:02  SCV  
  18  1:14  SCV  
  19  1:30  Orbital Command, Reaper  
  20  1:43  Command Center  
  20  1:52  Factory  
  20  1:56  SCV  
  21  2:05  Barracks Reactor  
  21  2:08  SCV  
  22  2:15  Supply Depot  
  21  2:18  Refinery  
  21  2:20  SCV  
  22  2:38  Hellion, SCV  
  22  2:43  Starport, Marine x2  
  27  2:51  SCV  
  28  3:03  Cyclone  
  31  3:17  SCV, Marine x2  
  31  3:18  Orbital Command  
  34  3:21  Medivac  
  35  3:29  SCV  
  36  3:38  Liberator  
  36  3:41  SCV  
  36  3:42  Barracks Tech Lab  
  36  3:43  Hellion x2  
  36  3:45  SCV  
  42  3:49  Supply Depot  
  45  3:56  SCV  
  46  4:06  Supply Depot  
  46  4:11  Hellion, SCV x2  
  46  4:13  Hellion  
  52  4:17  Stimpack  
  52  4:23  SCV x2  
  54  4:31  Marine  
  55  4:41  Command Center  
  55  4:42  Starport Reactor  
  55  4:45  SCV  
  56  4:49  SCV  
  57  4:53  Factory Tech Lab  
  57  4:59  SCV  
  58  5:02  SCV  
  57  5:11  Marine, SCV  
  52  5:14  SCV  
  52  5:16  Barracks  
  46  5:21  Barracks, Siege Tank  
  46  5:22  Engineering Bay  
  46  5:23  SCV  
  46  5:26  Engineering Bay, SCV  
  44  5:30  Marine  
  44  5:32  Starport Reactor  
  45  5:35  SCV  
  45  5:37  Refinery  
  45  5:38  Refinery, SCV  
  47  5:47  SCV  
  47  5:48  Marine  
  47  5:50  Terran Infantry Weapons Level 1  
  47  5:52  Terran Infantry Armor Level 1  
  47  5:56  Orbital Command  
  47  5:57  SCV  
  47  6:01  SCV  
  49  6:08  Marine x3  
  49  6:09  SCV  
  49  6:10  Siege Tank  
  56  6:12  Marine x2  
  56  6:13  SCV  
  59  6:19  Medivac  
  59  6:21  Combat Shields, SCV  
  59  6:22  SCV  
  63  6:25  SCV  
  63  6:26  Marine x2  
  63  6:32  Barracks  
  65  6:33  Barracks x2, Marine  
  65  6:34  Marine  
  65  6:36  Orbital Command  
  65  6:37  SCV x2  
  69  6:40  Marine  
  69  6:43  Marine  
  71  6:47  Siege Tank  
  71  6:48  Supply Depot  
  71  6:49  SCV  
  71  6:51  SCV  
  71  6:52  Supply Depot  
  76  6:55  Marine  
  77  7:09  SCV x3, Medivac, Marine x3  
  77  7:13  Supply Depot  
  77  7:15  Marine x2  
  87  7:17  Medivac  
  87  7:19  Siege Tank  
  87  7:21  Barracks Reactor x3, SCV  
  93  7:27  Armory  
  93  7:34  Marine x5  
  93  7:35  SCV x3  
  93  7:37  Supply Depot  
  101  7:44  Supply Depot  
  101  7:47  SCV x2  
  106  7:51  Siege Tank  
  106  7:52  Marine x3  
  106  7:56  Supply Depot  
  106  7:58  Marine  
  109  8:00  Supply Depot, Marine  
  109  8:03  Marine x2  
  109  8:04  Marine  
  109  8:05  Marine x2  
  116  8:06  Supply Depot  
  116  8:07  Supply Depot, Medivac x2  
  116  8:08  SCV  
  116  8:09  SCV  
  116  8:11  SCV  
  123  8:23  SCV, Marine x2  
  124  8:28  Terran Infantry Weapons Level 2, Terran Infantry Armor Level 2  
  124  8:29  Marine x4  
  124  8:30  Refinery x2, Marine  
  124  8:33  Marine x2  
  131  8:34  Marine x2  
  131  8:40  Siege Tank  
  136  8:43  Marine  
  137  8:51  Marine x3  
  137  8:53  Marine  
  137  8:54  Supply Depot  
  141  9:00  Marine x2  
  140  9:04  Terran Vehicle Weapons Level 1, Marine  
  140  9:05  Supply Depot, Marine  
  140  9:06  Marine x2  
  144  9:10  Marine  
  144  9:12  Siege Tank  
  144  9:13  Marine  
  149  9:21  Medivac  
  151  9:26  Medivac  
  151  9:29  Marine  
  151  9:31  Marine x2  
  155  9:32  Supply Depot  
  155  9:34  Supply Depot  
  155  9:38  Marine x3  
  156  9:39  Marine  
  156  9:44  Siege Tank, Marine  
  156  9:45  Marine  
  152  9:46  Marine  
  152  9:47  SCV  
  152  9:48  Marine  
  152  9:49  SCV, Marine x2  
  152  9:51  Medivac  
  152  9:52  Marine  
  157  9:56  Supply Depot, Medivac, Marine  
  161  10:12  Marine x3  
  164  10:14  Marine  
  164  10:16  Siege Tank  
  164  10:18  Marine  
  169  10:23  Marine  
  169  10:24  Marine x3  
  173  10:29  Marine x2  
  173  10:30  Marine x2  
  177  10:36  Marine x2  
  177  10:37  Marine  
  177  10:41  Marine  
  181  10:45  Marine  
  181  10:48  Marine  
  181  10:49  Medivac, Siege Tank  
  183  10:56  Medivac  
  185  11:01  Marine  
  183  11:08  Marine  
  181  11:12  Marine x2  
  181  11:15  Marine  
  181  11:16  Marine  
  185  11:19  Medivac  
  185  11:21  Marine, Siege Tank  
  185  11:25  Medivac, Marine  
  174  11:43  Marine  
  174  11:45  Marine x2  
  174  11:46  Marine x2  
  147  11:47  Marine  
  147  11:53  Siege Tank  
  151  11:55  Marine x2  
  151  11:56  Marine  
  144  12:01  Marine  
  144  12:03  Marine  
  144  12:04  Marine  
  144  12:05  Medivac, Marine  
  144  12:07  Marine  
  139  12:09  Marine  
  139  12:11  Marine x2  
  139  12:13  Marine x2  
  139  12:14  Marine  
Tags
 
Add a new tag
Caveats
  • Supply blocks, unpowered buildings, or Contaminate may cause inaccurate times.
  • Supply counts are checked every 10 seconds.